TOP OF THE 1ST |
St Charles Sheens batting - Pitching for Vista Panthers : RHP Scotty Johnson
|
Pitching: RHP Scotty Johnson
|
|
Batting: RHB Jesús Hernández
|
0-0: Fly out, F7 (Flyball, 78M)
|
Batting: RHB Max Rash
|
0-0: Called Strike 0-1: Ground out 3-1 (Groundball, 34S)
|
Batting: LHB Larry Howard
|
0-0: Called Strike 0-1: Ball 1-1: Ball 2-1: Fly out, F6 (Line Drive, 6MD)
|
Top of the 1st over - 0 run(s), 0 hit(s), 0 error(s), 0 left on base; St Charles 0 - Vista 0 |
BOTTOM OF THE 1ST |
Vista Panthers batting - Pitching for St Charles Sheens : LHP Keith Hill
|
Pitching: LHP Keith Hill
|
|
Batting: RHB Griswold Coleman
|
0-0: Ball 1-0: Foul Ball, location: 2F 1-1: Foul Ball, location: 2F 1-2: Fly out, F4 (Line Drive, 4M)
|
Batting: LHB Patrick Osborne
|
0-0: Foul Ball, location: 2F 0-1: Foul Ball, location: 2F 0-2: Foul Ball, location: 2F 0-2: Ball 1-2: Ball 2-2: Fly out, F8 (Flyball, 78M)
|
Batting: SHB Mark Wells
|
0-0: Ball 1-0: Called Strike 1-1: Ball 2-1: Ball 3-1: Foul Ball, location: 2F 3-2: Base on Balls
|
Batting: LHB Donovan Bird
|
0-0: Ball 1-0: Swinging Strike 1-1: Ball 2-1: Called Strike 2-2: Strikes out swinging
|
Bottom of the 1st over - 0 run(s), 0 hit(s), 0 error(s), 1 left on base; St Charles 0 - Vista 0 |
TOP OF THE 2ND |
St Charles Sheens batting - Pitching for Vista Panthers : RHP Scotty Johnson
|
Batting: LHB Stan Bates
|
0-0: Ball 1-0: SOLO HOME RUN (Flyball, 89XD), Distance : 414 ft
|
Batting: LHB Juan Jose Rojas
|
0-0: Ground out 4-3 (Groundball, 4)
|
Batting: LHB Gene Cooper
|
0-0: Ball 1-0: Swinging Strike 1-1: Ball 2-1: Ball 3-1: Called Strike 3-2: Foul Ball, location: 2F 3-2: Ground out 4-3 (Groundball, 4)
|
Batting: LHB Tanyu Imai
|
0-0: Ball 1-0: Called Strike 1-1: Ball 2-1: Called Strike 2-2: Foul Ball, location: 2F 2-2: Strikes out swinging
|
Top of the 2nd over - 1 run(s), 1 hit(s), 0 error(s), 0 left on base; St Charles 1 - Vista 0 |
BOTTOM OF THE 2ND |
Vista Panthers batting - Pitching for St Charles Sheens : LHP Keith Hill
|
Batting: RHB Phil Matthews
|
0-0: Ball 1-0: Ball 2-0: Called Strike 2-1: Foul Ball, location: 2F 2-2: Ball 3-2: Base on Balls
|
Batting: RHB Bonifacio Torres
|
0-0: Ball 1-0: Swinging Strike 1-1: Fly out, F8 (Flyball, 8RM)
|
Batting: LHB Felipe Cruz
|
0-0: Called Strike 0-1: Swinging Strike 0-2: Ball 1-2: Foul Ball, location: 2F 1-2: Strikes out swinging
|
Batting: RHB Alfredo López
|
0-0: Called Strike 0-1: Ball 1-1: Swinging Strike 1-2: Ball Phil Matthews is caught stealing 2nd base
|
Bottom of the 2nd over - 0 run(s), 0 hit(s), 0 error(s), 0 left on base; St Charles 1 - Vista 0 |
TOP OF THE 3RD |
St Charles Sheens batting - Pitching for Vista Panthers : RHP Scotty Johnson
|
Batting: RHB Miguel Palácios
|
0-0: Ball 1-0: Called Strike 1-1: Ground out 6-3 (Groundball, 6M)
|
Batting: RHB Víctor Arredondo
|
0-0: Foul Ball, location: 2F 0-1: Fly out, F4 (Popup, 4D)
|
Batting: RHB Jesús Hernández
|
0-0: Ball 1-0: Ball 2-0: Ball 3-0: Called Strike 3-1: Called Strike 3-2: Ground out 6-3 (Groundball, 6)
|
Top of the 3rd over - 0 run(s), 0 hit(s), 0 error(s), 0 left on base; St Charles 1 - Vista 0 |
BOTTOM OF THE 3RD |
Vista Panthers batting - Pitching for St Charles Sheens : LHP Keith Hill
|
Batting: RHB Alfredo López
|
0-0: Ball 1-0: Foul Ball, location: 2F 1-1: Called Strike 1-2: Strikes out swinging
|
Batting: RHB Justin Burgess
|
0-0: Swinging Strike 0-1: Foul Ball, location: 2F 0-2: Fly out, F9 (Line Drive, 9LM)
|
Batting: RHB Griswold Coleman
|
0-0: Ball 1-0: Ball 2-0: Called Strike 2-1: Swinging Strike 2-2: Ball 3-2: Foul Ball, location: 2F 3-2: Base on Balls
|
Batting: LHB Patrick Osborne
|
0-0: Called Strike 0-1: Ball 1-1: Swinging Strike 1-2: Ground out 5-3 (Groundball, 56S)
|
Bottom of the 3rd over - 0 run(s), 0 hit(s), 0 error(s), 1 left on base; St Charles 1 - Vista 0 |
TOP OF THE 4TH |
St Charles Sheens batting - Pitching for Vista Panthers : RHP Scotty Johnson
|
Batting: RHB Max Rash
|
0-0: Called Strike 0-1: Called Strike 0-2: Foul Ball, location: 2F 0-2: Ball 1-2: Ball 2-2: SINGLE (Groundball, 6MD)
|
Batting: LHB Larry Howard
|
0-0: Called Strike 0-1: Ball 1-1: Called Strike 1-2: Strikes out looking
|
Batting: LHB Stan Bates
|
0-0: Swinging Strike 0-1: Ball 1-1: Ball 2-1: Fielders Choice at 2nd, 4-6 (Groundball, 34)
|
Batting: LHB Juan Jose Rojas
|
0-0: Ball 1-0: Swinging Strike 1-1: Ball 2-1: Fly out, F8 (Flyball, 8LM)
|
Top of the 4th over - 0 run(s), 1 hit(s), 0 error(s), 1 left on base; St Charles 1 - Vista 0 |
BOTTOM OF THE 4TH |
Vista Panthers batting - Pitching for St Charles Sheens : LHP Keith Hill
|
Batting: SHB Mark Wells
|
0-0: Ball 1-0: Ball 2-0: Fly out, F8 (Flyball, 8RS)
|
Batting: LHB Donovan Bird
|
0-0: TRIPLE (Flyball, 89D)
|
Batting: RHB Phil Matthews
|
0-0: Ball 1-0: Ground out 4-3 (Groundball, 4M) Donovan Bird scores
|
Batting: RHB Bonifacio Torres
|
0-0: Ball 1-0: Ball 2-0: Fly out, F9 (Flyball, 9)
|
Bottom of the 4th over - 1 run(s), 1 hit(s), 0 error(s), 0 left on base; St Charles 1 - Vista 1 |
TOP OF THE 5TH |
St Charles Sheens batting - Pitching for Vista Panthers : RHP Scotty Johnson
|
Pitching: RHP José Betancourt
|
|
Batting: LHB Gene Cooper
|
0-0: Ball 1-0: Ball 2-0: Ball 3-0: Base on Balls
|
Batting: LHB Tanyu Imai
|
0-0: Ball 1-0: Ball 2-0: Called Strike 2-1: Swinging Strike 2-2: Foul Ball, location: 2F 2-2: Ball 3-2: Foul Ball, location: 2F 3-2: Foul Ball, location: 2F 3-2: Base on Balls Gene Cooper to second
|
Batting: RHB Miguel Palácios
|
0-0: Called Strike 0-1: Ball 1-1: Fly out, F7 (Flyball, 7S)
|
Batting: RHB Víctor Arredondo
|
0-0: Foul Ball, location: 2F 0-1: Ball 1-1: Ball 2-1: Ball 3-1: Foul Ball, location: 2F 3-2: Foul Ball, location: 2F 3-2: Strikes out swinging
|
Batting: RHB Jesús Hernández
|
0-0: Ground out 3-1 (Groundball, 34)
|
Top of the 5th over - 0 run(s), 0 hit(s), 0 error(s), 2 left on base; St Charles 1 - Vista 1 |
BOTTOM OF THE 5TH |
Vista Panthers batting - Pitching for St Charles Sheens : LHP Keith Hill
|
Pitching: RHP Juan Rivera
|
|
Batting: LHB Felipe Cruz
|
0-0: Ball 1-0: DOUBLE (Groundball, 3L)
|
Batting: RHB Alfredo López
|
0-0: Called Strike 0-1: Ball 1-1: Called Strike 1-2: Strikes out swinging
|
Batting: RHB Justin Burgess
|
0-0: Called Strike Felipe Cruz is caught stealing 3rd base 0-1: Ball 1-1: Foul Ball, location: 2F 1-2: SOLO HOME RUN (Flyball, 78XD), Distance : 431 ft
|
Batting: RHB Griswold Coleman
|
0-0: Called Strike 0-1: Swinging Strike 0-2: Foul Ball, location: 2F 0-2: Ball 1-2: Ball 2-2: Ground out 6-3 (Groundball, 6)
|
Bottom of the 5th over - 1 run(s), 2 hit(s), 0 error(s), 0 left on base; St Charles 1 - Vista 2 |
TOP OF THE 6TH |
St Charles Sheens batting - Pitching for Vista Panthers : RHP José Betancourt
|
Batting: RHB Max Rash
|
0-0: Ball 1-0: Foul Ball, location: 2F 1-1: Swinging Strike 1-2: Foul Ball, location: 2F 1-2: Foul Ball, location: 2F 1-2: Ball 2-2: Strikes out swinging
|
Batting: LHB Larry Howard
|
0-0: Ball 1-0: Ground out 6-3 (Groundball, 6)
|
Batting: LHB Stan Bates
|
0-0: Ball 1-0: TRIPLE (Flyball, 8LXD)
|
Batting: LHB Juan Jose Rojas
|
0-0: Called Strike 0-1: Ball 1-1: Fly out, F7 (Flyball, 7)
|
Top of the 6th over - 0 run(s), 1 hit(s), 0 error(s), 1 left on base; St Charles 1 - Vista 2 |
BOTTOM OF THE 6TH |
Vista Panthers batting - Pitching for St Charles Sheens : RHP Juan Rivera
|
Pitching: RHP Jesús Andrade
|
|
Batting: LHB Patrick Osborne
|
0-0: Ball 1-0: Foul Ball, location: 2F 1-1: Called Strike 1-2: Foul Ball, location: 2F 1-2: Ball 2-2: Ball 3-2: Ground out 6-3 (Groundball, 56)
|
Batting: SHB Mark Wells
|
0-0: SINGLE (Groundball, 4S) (infield hit)
|
Batting: LHB Donovan Bird
|
0-0: Ball 1-0: SINGLE (Groundball, 4) (infield hit) Mark Wells to second
|
Batting: RHB Phil Matthews
|
0-0: Called Strike 0-1: Ball 1-1: Grounds into double play, 5-4-3 (Groundball, 56)
|
Bottom of the 6th over - 0 run(s), 2 hit(s), 0 error(s), 1 left on base; St Charles 1 - Vista 2 |
TOP OF THE 7TH |
St Charles Sheens batting - Pitching for Vista Panthers : RHP José Betancourt
|
Pitching: LHP Mario Tobías
|
|
Now at 1B: Luis Martínez
|
|
Batting: LHB Gene Cooper
|
0-0: Ball 1-0: Ball 2-0: Foul Ball, location: 2F 2-1: Foul Ball, location: 2F 2-2: Strikes out swinging
|
Pitching: RHP Riley Johnston
|
|
Batting: LHB Tanyu Imai
|
0-0: Ball 1-0: Foul Ball, location: 2F 1-1: Called Strike 1-2: Ball 2-2: Foul Ball, location: 2F 2-2: Ground out 4-3 (Groundball, 4)
|
Batting: RHB Miguel Palácios
|
0-0: Ball 1-0: SINGLE (Groundball, 56D)
|
Pinch Hitting: RHB Judson Backstrom
|
0-0: Called Strike 0-1: Called Strike 0-2: Fly out, F8 (Flyball, 8RM)
|
Top of the 7th over - 0 run(s), 1 hit(s), 0 error(s), 1 left on base; St Charles 1 - Vista 2 |
BOTTOM OF THE 7TH |
Vista Panthers batting - Pitching for St Charles Sheens : RHP Jesús Andrade
|
Now in LF: Judson Backstrom
|
|
Batting: RHB Bonifacio Torres
|
0-0: Ball 1-0: Swinging Strike 1-1: Ground out 6-3 (Groundball, 6)
|
Batting: LHB Felipe Cruz
|
0-0: Ball 1-0: Fly out, F9 (Line Drive, 9D)
|
Batting: RHB Alfredo López
|
0-0: Ball 1-0: Ball 2-0: Foul Ball, location: 2F 2-1: Foul Ball, location: 2F 2-2: Ball 3-2: Strikes out swinging
|
Bottom of the 7th over - 0 run(s), 0 hit(s), 0 error(s), 0 left on base; St Charles 1 - Vista 2 |
TOP OF THE 8TH |
St Charles Sheens batting - Pitching for Vista Panthers : RHP Riley Johnston
|
Pinch Hitting: RHB Dan Tyler
|
0-0: DOUBLE (Line Drive, 7LD)
|
Pinch Hitting: LHB Marcos Cantú
|
0-0: Called Strike 0-1: Ball 1-1: Fly out, F5 (Popup, 56)
|
Pinch Hitting: RHB Júlio Figueroa
|
0-0: Swinging Strike 0-1: Fly out, F9 (Flyball, 9LS)
|
Batting: LHB Dave Gray
|
0-0: Ground out 3-1 (Groundball, 34)
|
Top of the 8th over - 0 run(s), 1 hit(s), 0 error(s), 1 left on base; St Charles 1 - Vista 2 |
BOTTOM OF THE 8TH |
Vista Panthers batting - Pitching for St Charles Sheens : RHP Jesús Andrade
|
Now at 1B: Lorenzo González
|
|
Now at 3B: Luis Sáenz
|
|
Now in CF: Dan Tyler
|
|
Batting: RHB Justin Burgess
|
0-0: Called Strike 0-1: Called Strike 0-2: Ball 1-2: Foul Ball, location: 2F 1-2: Ball 2-2: Foul Ball, location: 2F 2-2: SOLO HOME RUN (Line Drive, 7D), Distance : 376 ft
|
Pinch Hitting: RHB John Mendelson
|
0-0: Ball 1-0: Called Strike 1-1: Swinging Strike 1-2: Ball 2-2: Foul Ball, location: 2F 2-2: Ball 3-2: Foul Ball, location: 2F 3-2: Fly out, F9 (Flyball, 9LMF)
|
Pinch Hitting: LHB Ray Bryant
|
0-0: Called Strike 0-1: Called Strike 0-2: Strikes out swinging
|
Batting: RHB Salvador Salas
|
0-0: Called Strike 0-1: Foul Ball, location: 2F 0-2: SINGLE (Groundball, 6MD)
|
Pinch Hitting: LHB Brent Alonzo
|
0-0: Ball 1-0: Foul Ball, location: 2F 1-1: Ball 2-1: Swinging Strike 2-2: Ball 3-2: Fly out, F7 (Line Drive, 78M)
|
Bottom of the 8th over - 1 run(s), 2 hit(s), 0 error(s), 1 left on base; St Charles 1 - Vista 3 |
TOP OF THE 9TH |
St Charles Sheens batting - Pitching for Vista Panthers : RHP Riley Johnston
|
Pitching: RHP David Simpson
|
|
Now at 2B: Brent Alonzo
|
|
Now in LF: John Mendelson
|
|
Now in RF: Ray Bryant
|
|
Batting: LHB Juan Jose Rojas
|
0-0: Foul Ball, location: 2F 0-1: Swinging Strike 0-2: Strikes out swinging
|
Pinch Hitting: RHB Kel Pierce
|
0-0: Fly out, F8 (Flyball, 8LM)
|
Pinch Hitting: RHB Ben Dougherty
|
0-0: Ball 1-0: Fly out, F7 (Line Drive, 7)
|
Top of the 9th over - 0 run(s), 0 hit(s), 0 error(s), 0 left on base; St Charles 1 - Vista 3 |
|